 Dungeon Crawl Stone Soup version 0.28.0 (webtiles) character file.

Game seed: 16695144661544128949

574 SnakkuSnakku7 the Magician (level 7, 0/49 HPs)
             Began as a Djinni Gladiator on Feb 10, 2022.
             Slain by a scorpion (5 damage)
             ... on level 4 of the Dungeon.
             The game lasted 00:04:58 (5520 turns).

SnakkuSnakku7 the Magician (Djinni Gladiator)       Turns: 5520, Time: 00:04:59

Health: 0/49       AC:  6    Str: 13    XL:     7   Next: 61%
Gold:   238        EV: 11    Int: 12    God:
                   SH:  0    Dex: 14

rFire   + + .      SeeInvis .   t - +1 whip (elec)
rCold   x . .      Faith    .   (no shield)
rNeg    . . .      Spirit   .   g - +0 ring mail
rPois   ∞          Reflect  .   c - +0 helmet
rElec   .          Harm     .   k - scarf {repulsion}
rCorr   .          Rampage  .   (no gloves)
Will    .....                   (boots unavailable)
Stlth   +.........              (no amulet)
HPRegen 0.16/turn               (no ring)
MPRegen 0.00/turn               (no ring)

@: flying, repel missiles
A: sickness immunity, fire resistance 2, cold vulnerability 1, float, innate
caster, HP casting, extra vitality 1
a: no special abilities


You were on level 4 of the Dungeon.
You visited 1 branch of the dungeon, and saw 6 of its levels.

You collected 238 gold pieces.

Inventory:

Hand Weapons
 a - a +0 quarterstaff
 f - a +4 whip
 t - a +1 whip of electrocution (weapon)
Missiles
 d - 3 throwing nets (quivered)
Armour
 b - a +0 leather armour
 c - a +0 helmet (worn)
 g - a +0 ring mail (worn)
 k - a scarf of repulsion (worn)
Jewellery
 j - a ring of protection from fire
Wands
 y - a wand of iceblast (12)
Scrolls
 e - 4 scrolls of teleportation {unknown}
 l - a scroll of enchant armour {unknown}
 m - 3 scrolls of identify {unknown}
 n - a scroll of torment {unknown}
 o - a scroll of blinking {unknown}
 p - a scroll of silence {unknown}
 r - a scroll of holy word {unknown}
 s - a scroll of brand weapon {unknown}
 u - 2 scrolls of immolation {unknown}
 v - a scroll of amnesia {unknown}
Potions
 h - a potion of ambrosia {unknown}
 i - 2 potions of heal wounds {unknown}
 q - a potion of attraction {unknown}
 w - a potion of resistance {unknown}
 x - a potion of brilliance {unknown}


   Skills:
 - Level 2.0 Fighting
 - Level 2.6 Staves
 - Level 1.5 Throwing
 - Level 3.2 Dodging
 + Level 5.7 Spellcasting


You had 11 spell levels left.
You knew the following spells:

 Your Spells              Type           Power      Damage    Failure   Level
a - Foxfire               Conj/Fire      68%        2x1d7     3%          1
b - Call Imp              Summ           17%        N/A       6%          2
c - Ignite Poison         Fire/Tmut/Pois 17%        N/A       12%         3
Your spell library was empty.

Dungeon Overview and Level Annotations

Branches:
Dungeon (6/15)
 Temple: D:4-7

Altars:
Ashenzari
Makhleb
Uskayaw


Innate Abilities, Weirdness & Mutations

You are immune to sickness and miasma.
You are immune to poison.
Your flesh is very heat resistant. (rF++)
You are vulnerable to cold. (rC-)
You float through the air rather than walking.
You learn spells naturally, not from books.
Your magical power is your life essence.
You have superior vitality. (+4 MHP)


Message History

The adder is moderately wounded.
The adder closely misses you.
You hit the adder.
The adder is heavily wounded.
The adder bites you but does no damage.
You hit the adder. Lightning courses through the adder!
You kill the adder!
The scorpion barely misses you. x2
You fly upwards.
There is a stone staircase leading down here.
Unknown command.
You closely miss the scorpion. The scorpion closely misses you.
You barely miss the scorpion. The scorpion completely misses you.
You completely miss the scorpion.
The scorpion stings you but does no damage.
You hit the scorpion.
The scorpion is lightly wounded.
The scorpion barely misses you. x2
You barely miss the scorpion.
The scorpion is lightly wounded.
The scorpion stings you.
You hit the scorpion.
The scorpion is moderately wounded.
The scorpion barely misses you.
You closely miss the scorpion.
The scorpion is moderately wounded.
The scorpion stings you.
You barely miss the scorpion.
The scorpion is moderately wounded.
The scorpion barely misses you.
You closely miss the scorpion.
The scorpion is moderately wounded.
The scorpion stings you.
* * * LOW HITPOINT WARNING * * *
The scorpion stings you.
* * * LOW HITPOINT WARNING * * *
You whack the scorpion!
The scorpion is severely wounded.
The scorpion stings you.
You die...

#.###.# #.# ##'## #.##..#
#.# #># #.##.## #.# #.#
#.##.####.# ##.##
#...).....#####...##########
##.....####......#..........
#.....####.###.###.########
#.........s...## ##.#
#.....####@###.###.##
#.....# #......#.## #######
#######.## ###


You could see a scorpion.

Vanquished Creatures
  An ice beast (D:5)
  A necrophage (D:2)
  A centaur (D:5)
  A howler monkey (D:4)
  An orc priest (D:4)
  Natasha (D:4)
  An iguana (D:4)
  2 orc wizards (D:4)
  A gnoll (D:1)
  4 adders
  2 white imps (D:6)
  3 worms
  2 dart slugs (D:1)
  14 orcs
  2 bats
  8 endoplasms
  3 giant cockroaches
  5 goblins
  9 hobgoblins
  6 jackals
  4 kobolds
  3 quokkas
  3 ball pythons
  4 frilled lizards (D:3)
  2 rats (D:1)
84 creatures vanquished.

Vanquished Creatures (others)
  49 foxfires
  16 plants (D:6)
65 creatures vanquished.

Grand Total: 149 creatures vanquished

Notes
Turn   | Place    | Note
-------+----------+-------------------------------------------
     0 | D:1      | SnakkuSnakku7 the Djinni Gladiator began the quest for the
                  | Orb.
     0 | D:1      | Reached XP level 1. HP: 18/18 MP: 0/0
    73 | D:1      | Reached skill level 1 in Spellcasting
    73 | D:1      | Reached XP level 2. HP: 11/23 MP: 0/0
   626 | D:1      | Reached XP level 3. HP: 25/28 MP: 0/0
   626 | D:1      | Learned a level 1 spell: Foxfire
   627 | D:1      | Reached skill level 2 in Spellcasting
  1169 | D:2      | Found a faded altar of an unknown god.
  1190 | D:2      | Reached XP level 4. HP: 27/33 MP: 0/0
  1355 | D:2      | Noticed a necrophage
  1381 | D:2      | Killed a necrophage
  1382 | D:2      | Reached skill level 3 in Spellcasting
  1382 | D:2      | Reached XP level 5. HP: 15/38 MP: 0/0
  1382 | D:2      | Learned a level 2 spell: Call Imp
  2386 | D:3      | Found a hide-covered altar of Uskayaw.
  2433 | D:3      | Found a burning altar of Makhleb.
  2571 | D:3      | Found a broken altar of Ashenzari.
  3110 | D:4      | Reached XP level 6. HP: 19/43 MP: 0/0
  3403 | D:4      | Reached skill level 4 in Spellcasting
  3915 | D:4      | Noticed Natasha
  3923 | D:4      | HP: 2/43 [Natasha (6)]
  3926 | D:4      | Killed Natasha
  4258 | D:4      | Reached XP level 7. HP: 11/49 MP: 0/0
  4258 | D:4      | Learned a level 3 spell: Ignite Poison
  4673 | D:5      | Entered Level 5 of the Dungeon
  5047 | D:6      | Reached skill level 5 in Spellcasting
  5520 | D:4      | Slain by a scorpion

Illustrated notes

Levels and vault maps discovered:
D:1:      dpeg_arrival_castle, layout_loops_cross, minmay_misc_feat_iff
D:2:      layout_basic, hellmonk_ecumenical_altar_arch_garden,
          minmay_misc_feat_pillars, minmay_crystal_room
D:3:      layout_basic, ashenzari_conservatory_becter,
          mainiacjoe_overflow_catwalk_spiral
D:4:      layout_loops_corners, uniq_natasha
D:5:      layout_loops_ring, nzn_random_ring
D:6:      layout_gridville, minmay_temple_entry_mini_moons,
          nicolae_grassy_gnolls, uniq_eustachio

Skill      XL: |  1  2  3  4  5  6  7 |
---------------+----------------------+-----
Spellcasting   | 1 2 3 4 5 |  5.7
Fighting       | |  2.0
Staves         | |  2.6
Throwing       | |  1.5
Dodging        | |  3.2

Action                   |  1- 3 |  4- 6 |  7- 9 || total
-------------------------+-------+-------+-------++-------
Melee: Quarterstaff      |    72 |       |       ||    72
       Whip              |     7 |   162 |    47 ||   216
       Punch             |       |     2 |       ||     2
 Cast: Foxfire           |     4 |    10 |    13 ||    27
 Stab: Sleeping          |       |     1 |       ||     1
Armor: Leather armour    |    27 |     3 |       ||    30
       Ring mail         |       |    39 |    26 ||    65
Dodge: Dodged            |    62 |    64 |    49 ||   175
       Repelled          |       |     1 |     1 ||     2
